[Event "23rd ETCC Women 2021"]
[Site "Catez"]
[Date "2021.11.19"]
[Round "7.2"]
[White "Lagno, Kateryna"]
[Black "Balajayeva, Khanim"]
[Result "1/2-1/2"]
[ECO "C84"]
[WhiteElo "2550"]
[BlackElo "2369"]
[Annotator "ChessBase"]
[PlyCount "109"]
[EventDate "2021.11.08"]
[EventType "team-tourn"]
[EventCountry "SLO"]
[SourceTitle "playchess.com"]
[Source "ChessBase"]
[SourceQuality "1"]
[WhiteTeam "Russia"]
[BlackTeam "Azerbaijan"]
[WhiteTeamCountry "RUS"]
[BlackTeamCountry "AZE"]
[TimeControl "40/5400+30:1800+30"]

1. e4 e5 2. Nf3 Nc6 3. Bb5 a6 4. Ba4 Nf6 5. O-O Be7 6. d3 d6 7. c3 O-O 8. Re1 b5 9. Bc2 d5 10. Nbd2 dxe4 11. dxe4 Be6 12. Qe2 Qc8 13. a4 Qb7 14. Bd3 Rab8 15. Nf1 h6 16. Ng3 Rfd8 17. axb5 axb5 18. b4 Bd6 19. Be3 Ne7 20. Ra5 c6 21. Ra7 Qc8 22. Nxe5 Bxe5 23. Rxe7 Bxc3 24. Rc1 Bxb4 25. Ra7 Ra8 26. Rxa8 Qxa8 27. Bb1 Qa3 28. h3 Bc4 29. Qf3 Bc5 30. Nf5 Bxe3 31. Qxe3 Qxe3 32. Nxe3 Rd4 33. Nf5 Rd7 34. e5 Nd5 35. Nd6 Re7 36. Nxc4 bxc4 37. Rxc4 Rxe5 38. Be4 Re6 39. Bxd5 cxd5 40. Rc8+ Kh7 41. Rd8 Re1+ 42. Kh2 Rd1 43. Rd6 g6 44. g4 Kg7 45. h4 h5 46. gxh5 gxh5 47. Kg3 f6 48.
Rd8 Kg6 49. f3 d4 50. Kf4 Rh1 51. Kg3 Rd1 52. Kf4 d3 53. Ke3 Rh1 54. Rd4 Rh3 55. Rf4 1/2-1/2

[Event "23rd ETCC Women 2021"]
[Site "Catez"]
[Date "2021.11.19"]
[Round "7.4"]
[White "Shuvalova, Polina"]
[Black "Beydullayeva, Govhar"]
[Result "1-0"]
[ECO "B92"]
[WhiteElo "2515"]
[BlackElo "2278"]
[Annotator "ChessBase"]
[PlyCount "77"]
[EventDate "2021.11.08"]
[EventType "team-tourn"]
[EventCountry "SLO"]
[SourceTitle "playchess.com"]
[Source "ChessBase"]
[SourceQuality "1"]
[WhiteTeam "Russia"]
[BlackTeam "Azerbaijan"]
[WhiteTeamCountry "RUS"]
[BlackTeamCountry "AZE"]
[TimeControl "40/5400+30:1800+30"]

1. e4 c5 2. Nf3 d6 3. d4 cxd4 4. Nxd4 Nf6 5. Nc3 a6 6. Be2 e5 7. Nb3 Be7 8. Be3 Be6 9. Nd5 Nxd5 10. exd5 Bf5 11. Qd2 Nd7 12. Na5 Qc7 13. c4 O-O 14. O-O Bg6 15. b4 f5 16. f4 Nf6 17. fxe5 dxe5 18. c5 f4 19. Bf2 Ne4 20. Qe1 Bf6 21. d6 Qd7 22. Rd1 Rae8 23.
Kh1 Bd8 24. Bh4 Bxh4 25. Qxh4 Bf5 26. Bf3 Nc3 27. Bxb7 Nxd1 28. Bc6 Qd8 29. Qxd8 Rxd8 30. Rxd1 Kf7 31. Bb7 Bg4 32. Re1 Kf6 33. Kg1 g5 34. Bxa6 f3 35. gxf3 Bxf3 36. Bb7 Ke6 37. Bxf3 Rxf3 38. Nc6 Ra8 39. Nd4+ 1-0

[Event "23rd ETCC Women 2021"]
[Site "Catez"]
[Date "2021.11.19"]
[Round "7.5"]
[White "Javakhishvili, Lela"]
[Black "Osmak, Iulija"]
[Result "1/2-1/2"]
[ECO "D19"]
[WhiteElo "2446"]
[BlackElo "2423"]
[Annotator "NA"]
[PlyCount "61"]
[EventDate "2021.11.08"]
[EventType "team-tourn"]
[EventCountry "SLO"]
[SourceTitle "playchess.com"]
[Source "ChessBase"]
[SourceQuality "1"]
[WhiteTeam "Georgia"]
[BlackTeam "Ukraine"]
[WhiteTeamCountry "GEO"]
[BlackTeamCountry "UKR"]
[TimeControl "40/5400+30:1800+30"]

1. d4 d5 2. c4 c6 3. Nf3 Nf6 4. Nc3 dxc4 5. a4 Bf5 6. e3 e6 7. Bxc4 Bb4 8. O-O Nbd7 9. Qe2 O-O 10. e4 Bg6 11. e5 Nd5 12. Nxd5 cxd5 13. Bd3 Bh5 14. Qe3 Be7 15. Bd2 Nb8 16. Ne1 Nc6 17. Nc2 Bg6 18.
f4 Qb6 19. Bc3 Bxd3 20. Qxd3 a5 21. Kh1 f5 22. exf6 Bxf6 23.
Qe3 Rae8 24. Rfe1 Qc7 25. Re2 Qf7 26. Rf1 Qg6 27. Qd2 Qh5 28.
Ne3 Qg6 29. Ree1 Bd8 30. Qc2 Qxc2 31. Nxc2 1/2-1/2

[Event "23rd ETCC Women 2021"]
[Site "Catez"]
[Date "2021.11.19"]
[Round "7.6"]
[White "Buksa, Nataliya"]
[Black "Arabidze, Meri"]
[Result "1/2-1/2"]
[ECO "C42"]
[WhiteElo "2410"]
[BlackElo "2441"]
[Annotator "NA"]
[PlyCount "60"]
[EventDate "2021.11.08"]
[EventType "team-tourn"]
[EventCountry "SLO"]
[SourceTitle "playchess.com"]
[Source "ChessBase"]
[SourceQuality "1"]
[WhiteTeam "Ukraine"]
[BlackTeam "Georgia"]
[WhiteTeamCountry "UKR"]
[BlackTeamCountry "GEO"]
[TimeControl "40/5400+30:1800+30"]

1. e4 e5 2. Nf3 Nf6 3. Nxe5 d6 4. Nf3 Nxe4 5. Qe2 Qe7 6.
d3 Nf6 7. Nc3 c6 8. d4 Qxe2+ 9. Bxe2 d5 10. Bf4 Bf5 11. O-O-O Bb4 12. Bd3 Bxd3 13. Rxd3 O-O 14. Nd1 Ne4 15. c3 Bd6 16. Bxd6 Nxd6 17. Re3 Na6 18. Re7 Rfe8 19. Rhe1 Kf8 20. Rxe8+ Rxe8 21. Rxe8+ Kxe8 22. Ne3 Nc7 23. Kd2 Ne6 24. Ne5 f6 25. Nd3 Ne4+ 26. Ke2 Nd6 27. Kd2 Ne4+ 28. Ke2 Nd6 29. Kd2 Ne4+ 30. Ke2 Nd6 1/2-1/2

[Event "23rd ETCC Women 2021"]
[Site "Catez"]
[Date "2021.11.19"]
[Round "7.7"]
[White "Melia, Salome"]
[Black "Gaponenko, Inna"]
[Result "1/2-1/2"]
[ECO "B36"]
[WhiteElo "2371"]
[BlackElo "2339"]
[Annotator "NA"]
[PlyCount "61"]
[EventDate "2021.11.08"]
[EventType "team-tourn"]
[EventCountry "SLO"]
[SourceTitle "playchess.com"]
[Source "ChessBase"]
[SourceQuality "1"]
[WhiteTeam "Georgia"]
[BlackTeam "Ukraine"]
[WhiteTeamCountry "GEO"]
[BlackTeamCountry "UKR"]
[TimeControl "40/5400+30:1800+30"]

1. e4 c5 2. Nf3 Nc6 3. d4 cxd4 4. Nxd4 g6 5. c4 Nf6 6. Nc3 d6 7. Be2 Nxd4 8. Qxd4 Bg7 9. Be3 O-O 10. Qd2 Be6 11. Rc1 a5 12. f3 a4 13. Rc2 Qa5 14. Nd5 Nxd5 15. cxd5 Rfc8 16. Qxa5 Rxa5 17. Kd2 Rxc2+ 18. Kxc2 Bd7 19. Kb1 e6 20. dxe6 fxe6 21. Rd1 Bb5 22. Bxb5 Rxb5 23. Bd4 d5 24. Bxg7 Kxg7 25. exd5 exd5 26. Rd4 a3 27. b3 Kf6 28. Kc2 Rc5+ 29. Kd2 b5 30. Rf4+ Ke6 31. h4 1/2-1/2

[Event "23rd ETCC Women 2021"]
[Site "Catez"]
[Date "2021.11.19"]
[Round "7.8"]
[White "Zhukova, Natalia"]
[Black "Gvetadze, Sofio"]
[Result "1/2-1/2"]
[ECO "D57"]
[WhiteElo "2331"]
[BlackElo "2302"]
[Annotator "NA"]
[PlyCount "62"]
[EventDate "2021.11.08"]
[EventType "team-tourn"]
[EventCountry "SLO"]
[SourceTitle "playchess.com"]
[Source "ChessBase"]
[SourceQuality "1"]
[WhiteTeam "Ukraine"]
[BlackTeam "Georgia"]
[WhiteTeamCountry "UKR"]
[BlackTeamCountry "GEO"]
[TimeControl "40/5400+30:1800+30"]

1. c4 e6 2. Nc3 d5 3. d4 Be7 4. Nf3 Nf6 5. Bg5 h6 6. Bh4 O-O 7. e3 Ne4 8.
Bxe7 Qxe7 9. cxd5 Nxc3 10. bxc3 exd5 11. Bd3 Be6 12. O-O Nd7 13. Qb3 Rab8 14. a4 c5 15. c4 dxc4 16. Bxc4 Bxc4 17. Qxc4 cxd4 18. Nxd4 Rfc8 19. Qb3 Nc5 20. Qb2 Ne6 21. Nxe6 Qxe6 22. Rfc1 b6 23. h3 Rc6 24. Rxc6 Qxc6 25. Qb5 Rc8 26. Qxc6 Rxc6 27. Rd1 Rc4 28. a5 bxa5 29. Rd8+ Kh7 30. Rd7 Kg6 31. Rxa7 a4 1/2-1/2

[Event "23rd ETCC Women 2021"]
[Site "Catez"]
[Date "2021.11.19"]
[Round "7.9"]
[White "Zaksaite, Salomeja"]
[Black "Tsolakidou, Stavroula"]
[Result "0-1"]
[ECO "B51"]
[WhiteElo "2250"]
[BlackElo "2377"]
[Annotator "NA"]
[PlyCount "88"]
[EventDate "2021.11.08"]
[EventType "team-tourn"]
[EventCountry "SLO"]
[SourceTitle "playchess.com"]
[Source "ChessBase"]
[SourceQuality "1"]
[WhiteTeam "Lithuania"]
[BlackTeam "Greece"]
[WhiteTeamCountry "LTU"]
[BlackTeamCountry "GRE"]
[TimeControl "40/5400+30:1800+30"]

1. e4 c5 2. Nf3 d6 3. Bb5+ Nd7 4. d4 cxd4 5. Qxd4 a6 6. Bxd7+ Bxd7 7. Nc3 e5 8. Qd3 Rc8 9. a4 Qc7 10. O-O Be6 11. Rd1 h6 12. Ne1 Nf6 13.
Nd5 Nxd5 14. exd5 Bg4 15. f3 Bh5 16. Be3 Be7 17. c4 Qxc4 18.
Qd2 Qc7 19. Rac1 Qd7 20. Rxc8+ Qxc8 21. Rc1 Qd7 22. Qc3 Bd8 23. f4 f6 24. b3 O-O 25. Nc2 Qf5 26. fxe5 fxe5 27. Qc4 Bg6 28. h3 Ba5 29. b4 Rc8 30. Qe2 Rxc2 31. Rxc2 Qxc2 32. Qxc2 Bxc2 33. bxa5 Bxa4 34. g4 Bb3 35. g5 h5 36. Kf2 Bxd5 37. h4 g6 38. Bb6 Kf7 39. Ke3 Ke6 40. Kd3 Bc6 41. Bf2 d5 42. Kc3 d4+ 43. Kc4 Kd6 44. Kb4 Kd5 0-1

[Event "23rd ETCC Women 2021"]
[Site "Catez"]
[Date "2021.11.19"]
[Round "7.10"]
[White "Avramidou, Anastasia"]
[Black "Baginskaite, Kamile"]
[Result "1-0"]
[ECO "D38"]
[WhiteElo "2217"]
[BlackElo "2100"]
[Annotator "NA"]
[PlyCount "95"]
[EventDate "2021.11.08"]
[EventType "team-tourn"]
[EventCountry "SLO"]
[SourceTitle "playchess.com"]
[Source "ChessBase"]
[SourceQuality "1"]
[WhiteTeam "Greece"]
[BlackTeam "Lithuania"]
[WhiteTeamCountry "GRE"]
[BlackTeamCountry "LTU"]
[TimeControl "40/5400+30:1800+30"]

1. d4 Nf6 2. c4 e6 3. Nf3 d5 4. Nc3 Bb4 5. Qa4+ Nc6 6. a3 Bxc3+ 7. bxc3 Bd7 8.
cxd5 exd5 9. Qc2 Na5 10. Bf4 Bb5 11. Qb2 Ba6 12. Qb4 Nc6 13.
Qa4 Ne4 14. Ne5 Qf6 15. e3 Bxf1 16. Rxf1 O-O 17. f3 Nxc3 18. Qb3 Nxd4 19. exd4 Qxf4 20. Qxc3 c5 21. Qd2 Qxh2 22. Kf2 Qh4+ 23. Kg1 cxd4 24. f4 Rac8 25. Qxd4 b6 26. Qxd5 Rc7 27. Rad1 Qe7 28. Rf3 Re8 29. Re3 h6 30. Ng4 Qf8 31. Rg3 Kh8 32. Qd4 Qc5 33. Qxc5 bxc5 34. Rc3 Re4 35. g3 Ra4 36. Ne5 g5 37. fxg5 hxg5 38. Rd7 Rxd7 39. Nxd7 f5 40. Nxc5 Rg4 41. Kg2 f4 42. Kh3 Rxg3+ 43. Rxg3 fxg3 44. Kxg3 Kg7 45. Ne4 Kf7 46. Nxg5+ Ke7 47. Kf4 Kd6 48. Ke4 1-0

[Event "23rd ETCC Women 2021"]
[Site "Catez"]
[Date "2021.11.19"]
[Round "7.12"]
[White "Christodoulaki, Antonia"]
[Black "Sibajeva, Marija"]
[Result "1/2-1/2"]
[ECO "B01"]
[WhiteElo "2075"]
[BlackElo "1946"]
[Annotator "NA"]
[PlyCount "98"]
[EventDate "2021.11.08"]
[EventType "team-tourn"]
[EventCountry "SLO"]
[SourceTitle "playchess.com"]
[Source "ChessBase"]
[SourceQuality "1"]
[BlackTeam "Lithuania"]
[BlackTeamCountry "LTU"]
[TimeControl "40/5400+30:1800+30"]

1. e4 d5 2. exd5 Qxd5 3. Nc3 Qa5 4. d4 Nf6 5. Nf3 Bf5 6. Bc4 e6 7. Bd2 Bb4 8. a3 Bxc3 9. Bxc3 Qb6 10. O-O O-O 11. b3 Nc6 12. a4 a5 13.
Bb2 Rfd8 14. Qe2 Nb4 15. Rac1 Nfd5 16. Qd2 h6 17. c3 Na6 18. Ba3 c5 19. Rfe1 cxd4 20. Nxd4 Nxc3 21. Qxc3 Qxd4 22. Qxa5 Qd2 23. Qe5 Nb4 24. Bb2 Qg5 25. Re3 Nd3 26. Bxd3 Rxd3 27. Rce1 Rad8 28. Rg3 Rxg3 29. hxg3 f6 30. Qc3 Rd3 31. Qc8+ Kh7 32. Bc3 e5 33. Qc4 Qg4 34. Qxg4 Bxg4 35. Rc1 Rd1+ 36. Rxd1 Bxd1 37. a5 Bxb3 38. f3 Kg6 39. Kf2 h5 40. Ke3 Kf5 41. Bb4 Bd5 42. Be1 g5 43.
Bf2 Ke6 44. Be1 f5 45. Bb4 f4+ 46. gxf4 exf4+ 47. Kf2 g4 48. fxg4 hxg4 49. g3 f3 1/2-1/2

[Event "23rd ETCC Women 2021"]
[Site "Catez"]
[Date "2021.11.19"]
[Round "7.13"]
[White "Zawadzka, Jolanta"]
[Black "Paehtz, Elisabeth"]
[Result "1/2-1/2"]
[ECO "B92"]
[WhiteElo "2429"]
[BlackElo "2485"]
[Annotator "ChessBase"]
[PlyCount "103"]
[EventDate "2021.11.08"]
[EventType "team-tourn"]
[EventCountry "SLO"]
[SourceTitle "playchess.com"]
[Source "ChessBase"]
[SourceQuality "1"]
[WhiteTeam "Poland"]
[BlackTeam "Germany"]
[WhiteTeamCountry "POL"]
[BlackTeamCountry "GER"]
[TimeControl "40/5400+30:1800+30"]

1. e4 c5 2. Nf3 d6 3. d4 cxd4 4. Nxd4 Nf6 5. Nc3 a6 6. Be3 Ng4 7. Bc1 Nf6 8. Be2 e5 9. Nb3 Be7 10. O-O O-O 11. Qd3 Be6 12. Be3 Nbd7 13.
Nd5 Bxd5 14. exd5 Re8 15. a4 Rc8 16. a5 e4 17. Qd2 Ne5 18.
Ra4 Qd7 19. Rb4 Bd8 20. Rd1 h6 21. h3 Ng6 22. c4 Ne7 23.
Ra1 Nf5 24. Nd4 Nxe3 25. Qxe3 Rc5 26. Rba4 Re5 27. b4 Rc8 28. R4a3 h5 29. b5 axb5 30. Nxb5 Ne8 31. a6 bxa6 32. Rxa6 Bg5 33. Qa7 Qf5 34. Nd4 Qf4 35. Nc6 e3 36. Nxe5 Qxe5 37. R6a3 Nf6 38. fxe3 Re8 39. Bf3 Bxe3+ 40. Rxe3 Qxe3+ 41.
Qxe3 Rxe3 42. Ra6 Rc3 43. Rc6 Kf8 44. Kf2 h4 45. Ke2 Ne8 46.
Kd2 Ra3 47. Rb6 g6 48. Kc2 Ke7 49. Rb7+ Kf8 50. Rb6 Ke7 51. Rb7+ Kf8 52. Rb6 1/2-1/2

[Event "23rd ETCC Women 2021"]
[Site "Catez"]
[Date "2021.11.19"]
[Round "7.14"]
[White "Heinemann, Josefine"]
[Black "Kiolbasa, Oliwia"]
[Result "1/2-1/2"]
[ECO "C93"]
[WhiteElo "2336"]
[BlackElo "2403"]
[Annotator "NA"]
[PlyCount "82"]
[EventDate "2021.11.08"]
[EventType "team-tourn"]
[EventCountry "SLO"]
[SourceTitle "playchess.com"]
[Source "ChessBase"]
[SourceQuality "1"]
[WhiteTeam "Germany"]
[BlackTeam "Poland"]
[WhiteTeamCountry "GER"]
[BlackTeamCountry "POL"]
[TimeControl "40/5400+30:1800+30"]

1. e4 e5 2. Nf3 Nc6 3. Bb5 a6 4. Ba4 Nf6 5. O-O Be7 6. Re1 b5 7. Bb3 d6 8. c3 O-O 9. h3 Bb7 10. d4 Re8 11. Nbd2 Bf8 12. a3 h6 13.
Bc2 Nb8 14. b3 Nbd7 15. Bb2 g6 16. Bd3 Bg7 17. dxe5 Nxe5 18. Nxe5 dxe5 19. Qc2 Qd6 20. Rad1 Rad8 21. Nf3 Qc6 22. Rd2 g5 23. c4 bxc4 24. Qxc4 Qxc4 25. Bxc4 Nxe4 26. Rxd8 Rxd8 27. Bxe5 Bxe5 28. Nxe5 Nd6 29. Bf1 Re8 30. Nd3 Rxe1 31. Nxe1 a5 32. f3 Bd5 33. b4 axb4 34. axb4 Kf8 35. Kf2 Ke7 36. g3 Nf5 37. Bd3 Nd4 38.
Ke3 Nc6 39. Nc2 Kd6 40. f4 f6 41. h4 Bb3 1/2-1/2

[Event "23rd ETCC Women 2021"]
[Site "Catez"]
[Date "2021.11.19"]
[Round "7.15"]
[White "Socko, Monika"]
[Black "Klek, Hanna Marie"]
[Result "1/2-1/2"]
[ECO "E06"]
[WhiteElo "2393"]
[BlackElo "2343"]
[Annotator "NA"]
[PlyCount "95"]
[EventDate "2021.11.08"]
[EventType "team-tourn"]
[EventCountry "SLO"]
[SourceTitle "playchess.com"]
[Source "ChessBase"]
[SourceQuality "1"]
[WhiteTeam "Poland"]
[BlackTeam "Germany"]
[WhiteTeamCountry "POL"]
[BlackTeamCountry "GER"]
[TimeControl "40/5400+30:1800+30"]

1. d4 Nf6 2. c4 e6 3. Nf3 d5 4. g3 Be7 5. Bg2 O-O 6. O-O c6 7. Nbd2 b6 8. Qc2 Bb7 9. e4 c5 10. exd5 exd5 11. dxc5 Bxc5 12. Nb3 Nbd7 13. Nxc5 Nxc5 14. Be3 dxc4 15. Rfd1 Nd3 16. b3 Qe7 17. Bd4 Nb4 18. Qf5 Ne4 19. bxc4 Nc2 20. Rac1 Nxd4 21. Rxd4 Rad8 22. Re1 Qc5 23. Qxc5 Nxc5 24. Re7 Rde8 25. Rxe8 Rxe8 26. h4 f6 27. Nd2 Re1+ 28. Kh2 Bxg2 29. Kxg2 Ra1 30. Nb3 Rxa2 31. Nxc5 bxc5 32. Rd8+ Kf7 33. Rc8 Ra5 34. Rc7+ Kg6 35. Kf3 h5 36. Ke4 Ra2 37. Ke3 Ra3+ 38. Ke4 Ra2 39. Ke3 Ra3+ 40. Kf4 Ra5 41. f3 a6 42. Ke4 Ra1 43. Rxc5 a5 44. Kf4 a4 45. Ra5 a3 46. c5 a2 47. c6 Rc1 48. Rxa2 1/2-1/2

[Event "23rd ETCC Women 2021"]
[Site "Catez"]
[Date "2021.11.19"]
[Round "7.16"]
[White "Schneider, Jana"]
[Black "Kulon, Klaudia"]
[Result "0-1"]
[ECO "B32"]
[WhiteElo "2269"]
[BlackElo "2328"]
[Annotator "NA"]
[PlyCount "94"]
[EventDate "2021.11.08"]
[EventType "team-tourn"]
[EventCountry "SLO"]
[SourceTitle "playchess.com"]
[Source "ChessBase"]
[SourceQuality "1"]
[WhiteTeam "Germany"]
[BlackTeam "Poland"]
[WhiteTeamCountry "GER"]
[BlackTeamCountry "POL"]
[TimeControl "40/5400+30:1800+30"]

1. e4 c5 2. Nf3 Nc6 3. d4 cxd4 4. Nxd4 e5 5. Nb5 d6 6. c4 g6 7. N1c3 a6 8. Na3 Bg7 9. Be2 Be6 10. O-O Nd4 11. Be3 Ne7 12. Qd2 Rc8 13.
Rac1 f5 14. Bg5 h6 15. exf5 Nxe2+ 16. Qxe2 gxf5 17. Be3 f4 18.
Bxf4 O-O 19. Be3 Nf5 20. Ne4 d5 21. Nc5 Bf7 22. cxd5 Qxd5 23. Rfd1 Nd4 24. Bxd4 exd4 25. Nd3 Qxa2 26. Nc2 a5 27. Nxd4 Rxc1 28. Nxc1 Qd5 29. Nf3 Qf5 30. Rd6 Qb1 31. Rd1 Qxb2 32. Qe4 b5 33. Nd3 Qb3 34. Rc1 Qd5 35. Qxd5 Bxd5 36. Nfe5 a4 37. Rc5 a3 38. Nb4 Rd8 39. f4 Bc4 40. Nec6 Ra8 41. Ne7+ Kf7 42. Nf5 Bf8 43. Rc7+ Kf6 44. g4 Bxb4 45. Rc6+ Kf7 46. Nxh6+ Ke7 47. Nf5+ Kd7 0-1

[Event "23rd ETCC Women 2021"]
[Site "Catez"]
[Date "2021.11.19"]
[Round "7.17"]
[White "Gara, Ticia"]
[Black "Bulmaga, Irina"]
[Result "1-0"]
[ECO "E51"]
[WhiteElo "2331"]
[BlackElo "2405"]
[Annotator "NA"]
[PlyCount "75"]
[EventDate "2021.11.08"]
[EventType "team-tourn"]
[EventCountry "SLO"]
[SourceTitle "playchess.com"]
[Source "ChessBase"]
[SourceQuality "1"]
[WhiteTeam "Hungary"]
[BlackTeam "Romania"]
[WhiteTeamCountry "HUN"]
[BlackTeamCountry "ROU"]
[TimeControl "40/5400+30:1800+30"]

1. d4 Nf6 2. c4 e6 3. Nc3 Bb4 4. e3 O-O 5. Nf3 b6 6. Bd2 d5 7. Rc1 Bb7 8.
cxd5 exd5 9. Bd3 Re8 10. O-O Bf8 11. Ne5 c5 12. f4 Nc6 13.
Ne2 Rc8 14. Be1 Qd6 15. Bh4 c4 16. Bb1 Be7 17. Nc3 g6 18.
Qf3 Nh5 19. Nxf7 Kxf7 20. f5 Nf6 21. fxg6+ hxg6 22. Qxd5+ Qxd5 23. Nxd5 Nxd4 24. Nxe7 Ne2+ 25. Kh1 Rh8 26.
Bxg6+ Kxe7 27. Bxf6+ Kd6 28. Rcd1+ Kc5 29. Rf5+ Kb4 30. a3+ Kb3 31. Rb5+ Ka4 32. Rb4+ Ka5 33. Bxh8 Rxh8 34. Rxc4 Ng3+ 35. Kg1 Rg8 36. Rg4 Ne2+ 37. Kf2 Ba6 38. b4+ 1-0

[Event "23rd ETCC Women 2021"]
[Site "Catez"]
[Date "2021.11.19"]
[Round "7.18"]
[White "Peptan, Corina-Isabela"]
[Black "Gaal, Zsoka"]
[Result "1-0"]
[ECO "A30"]
[WhiteElo "2385"]
[BlackElo "2336"]
[Annotator "NA"]
[PlyCount "69"]
[EventDate "2021.11.08"]
[EventType "team-tourn"]
[EventCountry "SLO"]
[SourceTitle "playchess.com"]
[Source "ChessBase"]
[SourceQuality "1"]
[WhiteTeam "Romania"]
[BlackTeam "Hungary"]
[WhiteTeamCountry "ROU"]
[BlackTeamCountry "HUN"]
[TimeControl "40/5400+30:1800+30"]

1. c4 c5 2. Nf3 Nc6 3. b3 d6 4. Bb2 e5 5. e3 Nf6 6. Nc3 Be7 7. Be2 d5 8. cxd5 Nxd5 9. O-O O-O 10. Qb1 Be6 11. Bd3 f5 12. Nxd5 Qxd5 13.
e4 Qd6 14. exf5 Bd5 15. Be4 Nd4 16. Bxd4 exd4 17. Re1 Bd8 18. Bxd5+ Qxd5 19. Re5 Qd6 20. Qe4 Bf6 21. Re6 Qc7 22. Rc1 Qa5 23. a4 b6 24. d3 Rad8 25. Rc4 Rc8 26. Qd5 Kh8 27. g4 Rfd8 28.
Qe4 h6 29. h4 b5 30. axb5 Qa1+ 31. Kg2 Qd1 32. g5 Rg8 33. b4 cxb4 34. Rxc8 Rxc8 35. Re8+ 1-0

[Event "23rd ETCC Women 2021"]
[Site "Catez"]
[Date "2021.11.19"]
[Round "7.19"]
[White "Terbe, Julianna"]
[Black "Cosma, Elena-Luminita"]
[Result "1/2-1/2"]
[ECO "D02"]
[WhiteElo "2318"]
[BlackElo "2281"]
[Annotator "ChessBase"]
[PlyCount "132"]
[EventDate "2021.11.08"]
[EventType "team-tourn"]
[EventCountry "SLO"]
[SourceTitle "playchess.com"]
[Source "ChessBase"]
[SourceQuality "1"]
[WhiteTeam "Hungary"]
[BlackTeam "Romania"]
[WhiteTeamCountry "HUN"]
[BlackTeamCountry "ROU"]
[TimeControl "40/5400+30:1800+30"]

1. Nf3 d5 2. g3 c5 3. Bg2 Nc6 4. d4 e6 5. O-O cxd4 6. Nxd4 Bc5 7. Nb3 Bb6 8. c4 dxc4 9. N3d2 Nge7 10. Nxc4 O-O 11. Nc3 e5 12. Nxb6 Qxb6 13. Qa4 Be6 14. Be3 Nd4 15. Rfd1 Rad8 16. Rd2 Nef5 17. Bxd4 Rxd4 18. Qc2 Rxd2 19. Qxd2 Rd8 20. Qc1 h6 21. e3 Ne7 22. Na4 Qa5 23. b3 Rc8 24. Qa3 Nd5 25. Qd6 Qc7 26. Qxc7 Rxc7 27. Nb2 Nb4 28. Nc4 Bxc4 29. bxc4 b6 30. Bd5 Kf8 31. a3 Nxd5 32. cxd5 e4 33. Rb1 Rc4 34. f3 exf3 35. Kf2 Ke7 36. Kxf3 Kd6 37. e4 g6 38. Rb3 f5 39. exf5 gxf5 40. Rd3 b5 41. Kg2 Rc5 42. Re3 Kxd5 43.
Re7 a5 44. Rh7 b4 45. axb4 axb4 46. Rxh6 Rb5 47. Rh8 b3 48. Rd8+ Kc4 49. Rd1 b2 50. Rb1 Kc3 51. Kf3 Rb4 52. h4 Kc2 53. Rh1 b1=Q 54. Rxb1 Kxb1 55. h5 Kc2 56. h6 Rb6 57. Kf4 Rxh6 58. Kxf5 Rh5+ 59. Kf6 Kd3 60. g4 Ra5 61. g5 Ke4 62. g6 Ra6+ 63. Kf7 Kf5 64. g7 Ra7+ 65.
Kg8 Kf6 66. Kh8 Rxg7 1/2-1/2

[Event "23rd ETCC Women 2021"]
[Site "Catez"]
[Date "2021.11.19"]
[Round "7.21"]
[White "Zimina, Olga"]
[Black "Peng, Zhaoqin"]
[Result "1/2-1/2"]
[ECO "D26"]
[WhiteElo "2339"]
[BlackElo "2351"]
[Annotator "NA"]
[PlyCount "62"]
[EventDate "2021.11.08"]
[EventType "team-tourn"]
[EventCountry "SLO"]
[SourceTitle "playchess.com"]
[Source "ChessBase"]
[SourceQuality "1"]
[WhiteTeam "Italy"]
[BlackTeam "Netherlands"]
[WhiteTeamCountry "ITA"]
[BlackTeamCountry "NED"]
[TimeControl "40/5400+30:1800+30"]

1. d4 d5 2. Nf3 Nf6 3. c4 dxc4 4. e3 e6 5. Bxc4 c5 6. O-O Nc6 7. Nc3 cxd4 8. exd4 Be7 9. Qe2 O-O 10. Rd1 Na5 11. Bd3 b6 12. Bg5 Bb7 13. Ne5 Nd5 14. Qh5 f5 15. Bxe7 Qxe7 16. Nxd5 Bxd5 17. Ba6 Nc6 18. Nxc6 Bxc6 19. Bc4 Rad8 20. Qe2 Bd5 21. Re1 Rf6 22. Rac1 Qb7 23. f3 Bxc4 24. Qxc4 Qd5 25. Qxd5 Rxd5 26. Rc8+ Rf8 27. Rxf8+ Kxf8 28. Rxe6 Rxd4 29. Kf2 Kf7 30. Re2 Rc4 31. Ke3 g5 1/2-1/2

[Event "23rd ETCC Women 2021"]
[Site "Catez"]
[Date "2021.11.19"]
[Round "7.22"]
[White "Roebers, Eline"]
[Black "Sedina, Elena"]
[Result "1-0"]
[ECO "C28"]
[WhiteElo "2304"]
[BlackElo "2263"]
[Annotator "NA"]
[PlyCount "73"]
[EventDate "2021.11.08"]
[EventType "team-tourn"]
[EventCountry "SLO"]
[SourceTitle "playchess.com"]
[Source "ChessBase"]
[SourceQuality "1"]
[WhiteTeam "Netherlands"]
[BlackTeam "Italy"]
[WhiteTeamCountry "NED"]
[BlackTeamCountry "ITA"]
[TimeControl "40/5400+30:1800+30"]

1. e4 e5 2. Bc4 Nc6 3. Nc3 Nf6 4. d3 Bb4 5. Bg5 h6 6. Bh4 Na5 7. Bb3 Nxb3 8. axb3 Be7 9. Nge2 c6 10. d4 d6 11. O-O O-O 12. f3 b5 13. b4 Qc7 14. Qd3 Rd8 15. Bxf6 Bxf6 16. d5 Bd7 17. Ra6 Rdb8 18. dxc6 Bxc6 19. Rfa1 Bd8 20. Ng3 g6 21. Nf1 Rb6 22. R6a3 Rb7 23. Ne3 Bg5 24. Ned5 Qd7 25. Ra6 Bd8 26. Qe3 Kg7 27. Kh1 h5 28. f4 Bb6 29. Qd3 exf4 30.
Rxb6 Rxb6 31. Qd4+ Kh6 32. Nxb6 axb6 33. Rxa8 Bxa8 34. Qh8+ Kg5 35. Qxa8 Kh6 36. Qh8+ Kg5 37. e5 1-0

[Event "23rd ETCC Women 2021"]
[Site "Catez"]
[Date "2021.11.19"]
[Round "7.23"]
[White "Gueci, Tea"]
[Black "Van Foreest, Machteld"]
[Result "1/2-1/2"]
[ECO "B40"]
[WhiteElo "2242"]
[BlackElo "2141"]
[Annotator "NA"]
[PlyCount "94"]
[EventDate "2021.11.08"]
[EventType "team-tourn"]
[EventCountry "SLO"]
[SourceTitle "playchess.com"]
[Source "ChessBase"]
[SourceQuality "1"]
[WhiteTeam "Italy"]
[BlackTeam "Netherlands"]
[WhiteTeamCountry "ITA"]
[BlackTeamCountry "NED"]
[TimeControl "40/5400+30:1800+30"]

1. e4 c5 2. Nf3 e6 3. d4 cxd4 4. Nxd4 Nf6 5. Nc3 Nc6 6. Nxc6 bxc6 7. Bd3 Be7 8. O-O d5 9. Qe2 O-O 10. Bf4 Re8 11. Rad1 Qb6 12. b3 e5 13. Na4 Qc7 14. Bg3 Bd6 15. c4 dxe4 16. Bxe4 Nxe4 17. Qxe4 f5 18. Qe2 g6 19. c5 Bf8 20. Rfe1 Bg7 21. Rd6 Be6 22. Red1 Bf8 23. Bxe5 Bd5 24. Qb2 Qe7 25. f4 Bg7 26. Bxg7 Qe3+ 27. Qf2 Kxg7 28. Rd7+ Kg8 29. Qxe3 Rxe3 30. Kf2 Rae8 31. Rd2 R3e4 32. g3 Re3 33. R7xd5 cxd5 34. c6 R3e6 35. Nc5 Rxc6 36. Rxd5 Rec8 37. b4 R6c7 38. h3 Re8 39. g4 fxg4 40. hxg4 Rce7 41. Rd2 Rf8 42. Rd4 Rfe8 43. Rd2 Kg7 44. a4 Rf7 45. Rd4 Rfe7 46. Rd2 Rf7 47. Rd4 Rfe7 1/2-1/2